 Dungeon Crawl Stone Soup version 0.29.1-1-gd02db6906a (webtiles) character file.

Game seed: 15080765157211471202

510 MisterFreud the Twirler (level 7, -2/44 (52) HPs)
             Began as a Formicid Gladiator on Oct 10, 2022.
             Slain by a vampire mosquito (8 damage)
             ... on level 10 of the Dungeon.
             The game lasted 00:07:34 (4620 turns).

MisterFreud the Twirler (Formicid Gladiator)        Turns: 4620, Time: 00:07:35

HP:   -2/44 (52)    AC:  4    Str: 21    XL:     7   Next: 42%
MP:   7/7           EV: 12    Int:  7    God:
Gold: 149           SH:  7    Dex: 15    Spells: 6/6 levels left

rFire   . . .      SeeInvis +   a - +0 quarterstaff
rCold   . . .      Faith    .   n - +2 buckler
rNeg    . . .      Spirit   .   b - +0 leather armour
rPois   .          Reflect  .   (helmet unavailable)
rElec   .          Harm     .   k - +0 cloak
rCorr   +          Rampage  .   (no gloves)
Will    .....                   (no boots)
Stlth   +.........              (no amulet)
HPRegen 0.14/turn               o - ring of resist corrosion
MPRegen 0.10/turn               (no ring)

@: heavily drained
A: permanent stasis, dig shafts and tunnels, antennae 3, four strong arms
a: Dig, Shaft Self


You were on level 10 of the Dungeon.
You visited 1 branch of the dungeon, and saw 9 of its levels.

You collected 183 gold pieces.
You spent 34 gold pieces at shops.

Inventory:

Hand Weapons
 a - a +0 quarterstaff (weapon)
Missiles
 c - 3 throwing nets
 p - 4 poisoned darts (quivered)
Armour
 b - a +0 leather armour (worn)
 k - a +0 cloak (worn)
 n - a +2 buckler (worn)
Jewellery
 m - a ring of ice
 o - a ring of resist corrosion (left hand)
Wands
 t - a wand of digging (5)
Scrolls
 h - a scroll of magic mapping
Potions
 e - 3 potions of berserk rage
 f - 2 potions of curing
 g - a potion of flight
 i - 3 potions of ambrosia
 j - a potion of brilliance {unknown}
 l - a potion of heal wounds {unknown}
 q - a potion of cancellation {unknown}
 s - 2 potions of might


   Skills:
 + Level 3.3 Fighting
 + Level 6.4 Staves
 - Level 2.0 Throwing
 + Level 2.2 Armour
 - Level 2.6 Dodging
 - Level 4.0 Shields


You had 6 spell levels left.
You didn't know any spells.
Your spell library was empty.

Dungeon Overview and Level Annotations

Branches:
Dungeon (10/15)
 Temple: D:4-7         Lair: D:8-11         Orc: D:9-12

Altars:
Makhleb

Shops:
D:2 =*[*

Annotations:
D:4 Blork the orc, Dowan


Innate Abilities, Weirdness & Mutations

You cannot be hasted, slowed, berserked, paralysed or teleported.
You can dig through walls and to a lower floor.
You have a pair of large antennae on your head. (SInv)
Your four strong arms can wield two-handed weapons with a shield.


Message History

You dig through the rock wall.
You feel drained.
You hear a shout!
You block the vampire mosquito's attack.
You dig through the rock wall.
You feel drained.
A vampire mosquito comes into view.
The vampire mosquito buzzes angrily.
The vampire mosquito misses you.
You dig through the rock wall.
You feel drained. The vampire mosquito bites you!
The vampire mosquito draws strength from your injuries!
Unknown command.
Unknown command.
Unknown command.
Unknown command.
Unknown command.
Okay, then.
Unknown command.
Throw: javelin
Press: ? - help, Shift-Dir - straight line, f - vampire mosquito
Aim: a vampire mosquito (42% to hit)
You throw a javelin.
The javelin pierces through the vampire mosquito.
The vampire mosquito is lightly damaged.
The javelin barely misses the vampire mosquito.
The vampire mosquito completely misses you.
You block the vampire mosquito's attack.
The vampire mosquito bites you!
The vampire mosquito draws strength from your injuries!
Unknown command.
Unknown command.
Are you sure you want to shaft yourself?
The vampire mosquito bites you!
* * * LOW HITPOINT WARNING * * *
The vampire mosquito draws strength from your injuries!
The vampire mosquito bites you.
* * * LOW HITPOINT WARNING * * *
The vampire mosquito draws strength from your injuries!
You begin to dig a shaft.
You continue digging a shaft.
The vampire mosquito bites you!
You die...

#
########################K###
.......................{K...
.......<...........go){{....
##################{#.{{#####
#@#{##...# ##y###...#
.......y......#
.........K..... {
###############. ..


You could see 2 vampire mosquitoes and a kobold.

Vanquished Creatures
  A shadow (D:10)
  A necrophage (D:4)
  An iguana (D:4)
  2 orc wizards
  Natasha (twice) (D:4)
  A gnoll (D:5)
  8 adders
  2 dart slugs
  6 orcs
  8 endoplasms
  A giant cockroach (D:1)
  10 goblins
  9 hobgoblins
  4 jackals (D:5)
  4 kobolds
  5 quokkas
  2 ball pythons
  8 bats
  3 frilled lizards
  4 rats
82 creatures vanquished.

Notes
Turn   | Place    | Note
-------+----------+-------------------------------------------
     0 | D:1      | MisterFreud the Formicid Gladiator began the quest for the
                  | Orb.
     0 | D:1      | Reached XP level 1. HP: 16/16 MP: 1/1
   169 | D:1      | Reached XP level 2. HP: 18/22 MP: 2/2
   542 | D:1      | Reached skill level 4 in Staves
   542 | D:1      | Reached XP level 3. HP: 17/27 MP: 3/3
  1274 | D:2      | Found Ere Dejy's Assorted Antiques.
  1283 | D:2      | Reached XP level 4. HP: 28/33 MP: 4/4
  1336 | D:2      | Bought a scroll labelled FYDDIGR OHIMI for 18 gold pieces
  1336 | D:2      | Bought a sedimented amethyst potion for 16 gold pieces
  1401 | D:2      | Found Unoivawn's Antique Armour Boutique.
  1439 | D:2      | Found Ceig's Assorted Antiques.
  1453 | D:2      | Found Nyremabb's Jewellery Shop.
  1589 | D:2      | Reached skill level 5 in Staves
  2152 | D:3      | Reached XP level 5. HP: 33/38 MP: 5/5
  2582 | D:3      | Reached skill level 1 in Shields
  2584 | D:3      | You fall into a shaft and drop 2 floors!
  2584 | D:5      | Entered Level 5 of the Dungeon
  2827 | D:4      | Noticed Blork the orc
  2827 | D:4      | Noticed Dowan
  3010 | D:4      | Noticed Natasha
  3026 | D:4      | Killed Natasha
  3262 | D:4      | Reached skill level 6 in Staves
  3262 | D:4      | Reached XP level 6. HP: 37/44 MP: 6/6
  3410 | D:4      | Noticed a black bear
  3439 | D:4      | Noticed Natasha
  3447 | D:4      | Killed Natasha
  3587 | D:5      | Noticed an ogre
  3690 | D:5      | You fall into a shaft and drop 2 floors!
  4083 | D:8      | Noticed an orc warrior
  4144 | D:7      | You fall into a shaft and drop 2 floors!
  4385 | D:9      | Found a burning altar of Makhleb.
  4419 | D:9      | Reached skill level 1 in Armour
  4437 | D:9      | Noticed an acid dragon
  4447 | D:10     | Entered Level 10 of the Dungeon
  4552 | D:10     | Noticed a shadow
  4573 | D:10     | Killed a shadow
  4574 | D:10     | Reached XP level 7. HP: 43/52 MP: 7/7
  4608 | D:10     | Noticed a vampire mosquito
  4616 | D:10     | Noticed a vampire mosquito
  4620 | D:10     | Slain by a vampire mosquito

Illustrated notes

Levels and vault maps discovered:
D:1:      psy_arrival_basics, layout_basic, minmay_tromino_mix6
D:2:      layout_loops_ring, serial_shops,
          nicolae_shop_temple_entry_statues_fountains, nicolae_shop_trees,
          nicolae_shop_statue_plus, nicolae_shop_hallway_plus
D:3:      layout_loops_ring, gammafunk_ghost_split
D:4:      layout_loops_cross, mainiacjoe_overflow_catwalk_spiral,
          nicolae_eternal_life, uniq_blork_the_orc, uniq_natasha, uniq_duvessa
D:5:      dreamdust_elfheim, layout_loops_cross, mainiacjoe_overflow_alcove_4,
          minmay_temple_entry_from_below_a
D:7:      layout_basic
D:8:      layout_cave_pools, serial_gnoll_camp, gnoll_camp_medium_02,
          grums_kennel, gnoll_camp_mini_hut, gnoll_camp_mini_basic,
          gnoll_camp_mini_basic, gnoll_camp_huts_basic
D:9:      layout_roguey, mainiacjoe_overflow_alcove_2, tgw_sif,
          nzn_wu_jian_contemplation, serial_curves, eino_curves_01,
          eino_curves_03
D:10:     layout_long_grid, david_lair_shrubbed, enter_trove_3, enter_bailey_3

Skill      XL: |  1  2  3  4  5  6 |
---------------+-------------------+-----
Staves         | 4 5 6 |  6.4
Shields        | 2 4 |  4.0
Armour         | 2 |  2.2
Fighting       | 3 |  3.3
Throwing       | |  2.0
Dodging        | |  2.6

Action                   |  1- 3 |  4- 6 |  7- 9 || total
-------------------------+-------+-------+-------++-------
Melee: Quarterstaff      |    91 |   177 |     4 ||   272
Throw: Javelin           |       |     1 |     1 ||     2
 Abil: Shaft Self        |       |     3 |     1 ||     4
       Dig               |       |       |     1 ||     1
  Use: Scroll            |     4 |     7 |       ||    11
       Potion            |       |     1 |       ||     1
 Stab: Sleeping          |     2 |     2 |       ||     4
Armor: Leather armour    |    25 |    33 |     1 ||    59
Dodge: Dodged            |    64 |    88 |     4 ||   156
Block: Buckler           |       |    25 |     3 ||    28
